[Event "January 2 Early 2024"]
[Site "https://www.chess.com"]
[Date "2024.01.02"]
[Round "6"]
[White "Legenia, Artem"]
[Black "Maltsevskaya, Aleksandra"]
[Result "1-0"]
[Board "128"]
[TimeControl "180+1"]
[WhiteFideId "14136945"]
[BlackFideId "24174041"]
[WhiteElo "2368"]
[BlackElo "2589"]
[WhiteTeam "UKR"]
[BlackTeam "POL"]
[WhiteClock "0:00:29"]
[BlackClock "0:00:02"]

1. c4 Nf6 2. Nf3 g6 3. b3 Bg7 4. Bb2 d6 5. g3 O-O 6. Bg2 e5 7. O-O Nbd7 8. d3 Nc5 9. Qc2 a5 10. Nbd2 a4 11. Rab1 axb3 12. axb3 c6 13. Ra1 Rxa1 14. Rxa1 Qb6 15. Bc3 Be6 16. b4 Ncd7 17. Qb2 h6 18. e3 Nh5 19. d4 e4 20. Ne1 f5 21. f3 d5 22. c5 Qd8 23. f4 g5 24. Nf1 Kh7 25. b5 Ndf6 26. h3 gxf4 27. exf4 e3 28. bxc6 bxc6 29. Qe2 Ne4 30. Qxe3 Nxc3 31. Qxc3 Qf6 32. Nf3 Rb8 33. Ne5 Bc8 34. Qd3 Rb2 35. Qc3 Rb8 36. Qf3 Nxg3 37. Nxg3 Qh4 38. Ra7 Rb1+ 39. Kh2 Be6 40. Qh5 Qf6 41. Qe8 Rb2 42. Nh5 1-0

[Event "January 2 Early 2024"]
[Site "https://www.chess.com"]
[Date "2024.01.02"]
[Round "6"]
[White "Munoz Galvez, Jhon Edison"]
[Black "Lima, Artur Tin Lun Dai"]
[Result "1-0"]
[Board "129"]
[TimeControl "180+1"]
[WhiteFideId "4403797"]
[BlackFideId "22773150"]
[WhiteElo "2580"]
[BlackElo "2358"]
[WhiteTeam "COL"]
[BlackTeam "BRA"]
[WhiteClock "0:02:19"]
[BlackClock "0:01:40"]

1. d4 d5 2. Nf3 Nf6 3. c4 e6 4. Nc3 c5 5. cxd5 exd5 6. g3 Nc6 7. Bg2 cxd4 8. Nxd4 Bc5 9. Nb3 Bb6 10. O-O O-O 11. Bg5 d4 12. Nd5 Be6 13. Bxf6 gxf6 14. Nxb6 axb6 15. a3 Re8 16. Nd2 Bf5 17. Re1 Qd6 18. Rc1 Rad8 19. Nc4 Qc7 20. Qb3 d3 21. e4 Be6 22. Red1 Qd7 23. Qxb6 Bxc4 24. Rxc4 d2 25. Rc2 Qd3 26. Rcxd2 1-0

[Event "January 2 Early 2024"]
[Site "https://www.chess.com"]
[Date "2024.01.02"]
[Round "6"]
[White "Lund, Gunnar"]
[Black "Pavlidou, Ekaterini"]
[Result "1-0"]
[Board "130"]
[TimeControl "180+1"]
[WhiteFideId "1520814"]
[BlackFideId "4213262"]
[WhiteElo "2562"]
[BlackElo "2351"]
[WhiteTeam "NOR"]
[BlackTeam "GRE"]
[WhiteClock "0:00:11"]
[BlackClock "0:00:10"]

1. a3 a5 2. h3 d5 3. d3 c5 4. e3 Nc6 5. Nc3 e5 6. Bd2 d4 7. Ne4 f5 8. Ng3 g6 9. Nf3 Bg7 10. Be2 Nge7 11. O-O O-O 12. Ne1 Be6 13. a4 Rc8 14. Rb1 Nd5 15. e4 Nf4 16. Nf3 Ne7 17. Re1 h6 18. Bf1 fxe4 19. Nxe4 b6 20. Kh2 g5 21. Ng1 Qd7 22. g3 Nfg6 23. Bg2 g4 24. b3 Rf7 25. Qe2 Rcf8 26. Rf1 Bd5 27. hxg4 Be6 28. f3 Nd5 29. Rbe1 Qe7 30. Nh3 Qd7 31. Nhf2 Nge7 32. Nd1 Ng6 33. Nb2 Qd8 34. Nc4 Ngf4 35. gxf4 exf4 36. Kg1 Ne3 37. Bc1 h5 38. g5 Bd5 39. Bh3 Bxe4 40. dxe4 Qxg5+ 41. Kh1 Qh4 42. Qh2 Nxf1 43. Rxf1 Kh8 44. Be6 Qxh2+ 45. Kxh2 Rf6 46. Bf5 Rxf5 47. exf5 Rxf5 48. Re1 Rf8 49. Nxb6 Rd8 50. Bxf4 d3 51. Rd1 Rd4 52. Be3 Be5+ 53. Kg2 Rb4 54. Nc4 dxc2 55. Rc1 Rxb3 56. Nxe5 Rxe3 57. Nd7 Re2+ 58. Kg3 c4 59. Nb6 Kg7 60. Nxc4 Kg6 61. Nxa5 Kg5 62. Nb3 h4+ 63. Kh3 Kf4 64. a5 Kxf3 65. a6 Kf2 66. a7 Re3+ 67. Kxh4 Rc3 68. a8=Q Rc4+ 69. Kg5 Rb4 70. Rxc2+ Ke3 71. Qc6 Rxb3 72. Rc3+ Rxc3 73. Qxc3+ Ke4 74. Kf6 Kf4 75. Ke7 Ke4 76. Kd7 Kf4 77. Kc7 Ke4 78. Kb7 Kf4 79. Kb6 Ke4 80. Kc5 Kf4 81. Qd4+ Kf5 82. Kd5 Kg6 83. Qe4+ Kf6 84. Kd6 Kf7 85. Qf5+ Kg7 86. Ke6 Kh8 87. Qg5 1-0

[Event "January 2 Early 2024"]
[Site "https://www.chess.com"]
[Date "2024.01.02"]
[Round "6"]
[White "Jeran, Bostjan"]
[Black "Rogov, Matfey"]
[Result "0-1"]
[Board "131"]
[TimeControl "180+1"]
[WhiteFideId "14604612"]
[BlackFideId "44191308"]
[WhiteElo "2347"]
[BlackElo "2538"]
[WhiteTeam "SLO"]
[BlackTeam "RUS"]
[WhiteClock "0:00:00"]
[BlackClock "0:00:15"]

1. Nf3 Nc6 2. d4 d5 3. g3 Bf5 4. Bg2 Nb4 5. Na3 e6 6. O-O h6 7. c3 Nc6 8. Bf4 Bxa3 9. bxa3 Nf6 10. Qa4 O-O 11. h4 Be4 12. Nd2 Bxg2 13. Kxg2 Nd7 14. Rab1 Nb6 15. Qc2 Qe7 16. a4 Na5 17. e4 Rac8 18. Rfe1 c5 19. Rb5 Nac4 20. a5 Na3 21. Qb2 cxd4 22. cxd4 Na4 23. Qb4 Qxb4 24. Rxb4 Nc2 25. Reb1 Nc3 26. R1b2 Nxb4 27. Rxb4 dxe4 28. Rxb7 Rfd8 29. Nb3 a6 30. Rb6 Ra8 31. Nc5 Nd5 32. Rxa6 Nxf4+ 33. gxf4 Rxa6 34. Nxa6 Ra8 35. Nc5 Rxa5 36. a4 Kf8 37. Kf1 Ke7 38. Ke2 Ra8 39. Ke3 f5 40. h5 Kd6 41. f3 exf3 42. Kxf3 Kd5 43. Kg3 Kxd4 44. Nxe6+ Ke4 45. Nc5+ Ke3 46. Kh4 Kxf4 47. Ne6+ Ke5 48. Nxg7 Rxa4+ 49. Kh3 Ra3+ 50. Kg2 Ra8 0-1

[Event "January 2 Early 2024"]
[Site "https://www.chess.com"]
[Date "2024.01.02"]
[Round "6"]
[White "Jaiveer Mahendru"]
[Black "Bueno, Alfeu Junior Varela"]
[Result "1-0"]
[Board "132"]
[TimeControl "180+1"]
[WhiteFideId "25611151"]
[BlackFideId "2108879"]
[WhiteElo "2520"]
[BlackElo "2346"]
[WhiteTeam "IND"]
[BlackTeam "BRA"]
[WhiteClock "0:01:32"]
[BlackClock "0:00:00"]

1. f4 e6 2. Nf3 f5 3. g3 b6 4. Bg2 Bb7 5. O-O Nf6 6. d3 Be7 7. Qe1 d5 8. Ne5 O-O 9. Nd2 Ng4 10. Nxg4 fxg4 11. e4 Bc5+ 12. Kh1 Qf6 13. c3 Nd7 14. d4 Be7 15. Qe2 Ba6 16. Qxa6 Qh6 17. exd5 Rad8 18. dxe6 Nf6 19. Ne4 Nd5 20. Qe2 Qh5 21. Bd2 Rf5 22. Ng5 Rf6 23. c4 Rh6 24. Bxd5 c6 25. Bb4 Rxd5 26. cxd5 Bxb4 27. dxc6 Bd6 28. e7 Bxe7 29. c7 Qe8 30. Qc4+ Kf8 31. c8=Q Bd8 32. Ne6+ Rxe6 33. Q8xe6 1-0

[Event "January 2 Early 2024"]
[Site "https://www.chess.com"]
[Date "2024.01.02"]
[Round "6"]
[White "Gao, Raymond"]
[Black "Novikov, Evgenij"]
[Result "1-0"]
[Board "133"]
[TimeControl "180+1"]
[WhiteFideId "2629429"]
[BlackFideId "4125380"]
[WhiteElo "2343"]
[BlackElo "2512"]
[WhiteTeam "CAN"]
[BlackTeam "RUS"]
[WhiteClock "0:00:13"]
[BlackClock "0:00:08"]

1. e4 c6 2. Nf3 d5 3. exd5 cxd5 4. Ne5 Nf6 5. d4 a6 6. c4 Nc6 7. Nc3 dxc4 8. Nxc6 bxc6 9. Bxc4 e6 10. O-O Be7 11. Re1 O-O 12. Bg5 Rb8 13. Bb3 c5 14. d5 Nxd5 15. Bxe7 Nxe7 16. Qh5 c4 17. Bxc4 Rxb2 18. Rad1 Qb6 19. Rf1 Rc2 20. Bd3 g6 21. Qe5 Nc6 22. Qf6 Qb2 23. Bxc2 Qxc2 24. Rc1 Qf5 25. Qxf5 gxf5 26. Nd5 exd5 27. Rxc6 Be6 28. Rxa6 Rb8 29. h3 Rb2 30. Rd1 Kg7 31. a4 Ra2 32. a5 h5 33. Ra8 Kf6 34. a6 f4 35. Rc1 f3 36. gxf3 Bxh3 37. Rc7 d4 38. a7 d3 39. Rd8 Ra1+ 40. Kh2 Bf5 41. a8=Q Rxa8 42. Rxa8 Kg5 43. Rd8 Kf4 44. Rc5 f6 45. Rxf5+ Kxf5 46. Rxd3 Kf4 47. Ra3 Kg5 48. Kg2 h4 49. Rb3 f5 50. Kh3 Kf4 51. Rb4+ Kg5 52. Rxh4 f4 53. Rg4+ Kf5 54. Rg8 Ke5 55. Kg4 Kf6 56. Kxf4 Kf7 57. Ra8 Kf6 58. Ra4 Ke6 59. Rb4 Kf6 60. Re4 Kf7 61. Ke3 Kf6 62. f4 Kf5 63. f3 Kf6 64. Kd4 Kf5 65. Kd5 Kf6 66. Ra4 Kf5 67. Rb4 Kf6 68. Ke4 Ke6 69. f5+ Kf6 70. f4 Kf7 71. Ke5 Ke7 72. Rb7+ Kf8 73. f6 Kg8 74. Ke6 Kh8 75. Ra7 Kg8 76. f7+ Kg7 77. f5 Kf8 78. Ra8+ Kg7 79. f8=Q+ Kh7 80. Qf7+ Kh6 81. Rh8+ Kg5 82. Qg6+ Kf4 83. Rh4+ Kf3 84. Qg4+ Kf2 85. Rh3 Kf1 86. Qa4 Kg2 87. Rb3 Kh2 88. Qa2+ Kh1 89. Rb1# 1-0

[Event "January 2 Early 2024"]
[Site "https://www.chess.com"]
[Date "2024.01.02"]
[Round "6"]
[White "Poddubnyi, Viktor"]
[Black "Kopczynski, Michal"]
[Result "0-1"]
[Board "134"]
[TimeControl "180+1"]
[WhiteFideId "4141989"]
[BlackFideId "1124200"]
[WhiteElo "2331"]
[BlackElo "2501"]
[WhiteTeam "RUS"]
[BlackTeam "POL"]
[WhiteClock "0:00:06"]
[BlackClock "0:01:47"]

1. e4 b6 2. c4 Bb7 3. Nc3 c5 4. d3 e6 5. Nf3 d6 6. g3 Nd7 7. Bg2 g6 8. O-O Bg7 9. Qe2 Ne7 10. h3 O-O 11. Kh2 f5 12. Ng1 e5 13. f4 exf4 14. gxf4 Nc6 15. Nf3 Nf6 16. Bd2 Re8 17. Rae1 Nd4 18. Nxd4 cxd4 19. Nd5 Nxd5 20. cxd5 Bxd5 21. b3 Qh4 22. Qf3 fxe4 23. dxe4 Bc6 24. Qd3 Rac8 25. Re2 Qh5 26. Bc1 Bb5 0-1

[Event "January 2 Early 2024"]
[Site "https://www.chess.com"]
[Date "2024.01.02"]
[Round "6"]
[White "Weisz, Bryan"]
[Black "Tuleyeva-Aketayeva, Dana"]
[Result "1-0"]
[Board "135"]
[TimeControl "180+1"]
[WhiteFideId "30934133"]
[BlackFideId "13701932"]
[WhiteElo "2500"]
[BlackElo "2331"]
[WhiteTeam "USA"]
[BlackTeam "KAZ"]
[WhiteClock "0:00:05"]
[BlackClock "0:00:00"]

1. e4 d5 2. Nc3 dxe4 3. Nxe4 Nf6 4. Nxf6+ exf6 5. d4 Bd6 6. Bd3 Qe7+ 7. Ne2 O-O 8. O-O Nc6 9. Re1 Qd8 10. c3 Ne7 11. Ng3 Re8 12. Qh5 Ng6 13. Bd2 Bd7 14. Rxe8+ Bxe8 15. Nf5 Bd7 16. Nxd6 cxd6 17. Re1 Qb6 18. b3 Re8 19. Rxe8+ Bxe8 20. Qd5 Qc6 21. Be4 Ne7 22. Qxc6 bxc6 23. Bf4 d5 24. Bd3 Nc8 25. Kf1 Kf8 26. Ke2 Ke7 27. Bxh7 g6 28. h4 f5 29. h5 Nd6 30. Bxd6+ Kxd6 31. h6 Ke7 32. Bxg6 Kf6 33. Bxf5 a6 34. h7 Kg7 35. Bd3 f6 36. Bxa6 Kxh7 37. a4 Bg6 38. Bd3 f5 39. a5 f4 40. a6 f3+ 41. gxf3 1-0

[Event "January 2 Early 2024"]
[Site "https://www.chess.com"]
[Date "2024.01.02"]
[Round "6"]
[White "Dahl, Trygve"]
[Black "Stojanovski, Sandi"]
[Result "0-1"]
[Board "136"]
[TimeControl "180+1"]
[WhiteFideId "1513427"]
[BlackFideId "1403249"]
[WhiteElo "2331"]
[BlackElo "2499"]
[WhiteTeam "NOR"]
[BlackTeam "DEN"]
[WhiteClock "0:00:45"]
[BlackClock "0:00:32"]

1. Nf3 d5 2. d4 Nf6 3. g3 e6 4. Bg2 c5 5. O-O Nc6 6. b3 Be7 7. Bb2 O-O 8. dxc5 Bxc5 9. Nbd2 Qc7 10. c4 d4 11. a3 a5 12. Ng5 e5 13. Nge4 Nxe4 14. Bxe4 Bh3 15. Re1 f5 16. Bd5+ Kh8 17. e3 Bg4 18. Qc2 dxe3 19. fxe3 f4 20. Nf1 fxe3 21. Nxe3 Nd4 22. Bxd4 Bxd4 23. Ra2 Bf3 24. Qd3 Bxd5 25. cxd5 Rf3 26. Kg2 Raf8 27. Rc2 Qf7 28. Ree2 Bxe3 29. Rxe3 Rxe3 0-1

[Event "January 2 Early 2024"]
[Site "https://www.chess.com"]
[Date "2024.01.02"]
[Round "6"]
[White "Ankerst, Mihael"]
[Black "Balla, Tamas-Kristof"]
[Result "0-1"]
[Board "137"]
[TimeControl "180+1"]
[WhiteFideId "14602369"]
[BlackFideId "1208497"]
[WhiteElo "2324"]
[BlackElo "2496"]
[WhiteTeam "SLO"]
[BlackTeam "ROU"]
[WhiteClock "0:00:00"]
[BlackClock "0:00:19"]

1. e4 c5 2. d4 cxd4 3. Nf3 Nc6 4. Nxd4 e5 5. Nxc6 bxc6 6. c4 Nf6 7. Nc3 Bb4 8. Bd3 Bxc3+ 9. bxc3 h6 10. Ba3 d6 11. c5 d5 12. exd5 Nxd5 13. O-O O-O 14. Re1 Re8 15. Qf3 Bd7 16. Be4 Qa5 17. Bb2 Qxc5 18. Rad1 Rab8 19. Bxd5 cxd5 20. Rxd5 Qc6 21. Ba3 e4 22. Qh5 Qxc3 23. Red1 Be6 24. Bd6 Bxd5 25. Bxb8 Rxb8 26. Qxd5 e3 27. fxe3 Qxe3+ 28. Kh1 Re8 29. h3 Qf2 30. Qd2 Re2 31. Qd8+ Kh7 32. Qd3+ g6 33. Qd5 Rxa2 34. Rc1 Re2 35. Qb7 Re1+ 36. Rxe1 Qxe1+ 37. Kh2 Qe5+ 38. Kh1 Qa1+ 39. Kh2 Kg7 0-1

[Event "January 2 Early 2024"]
[Site "https://www.chess.com"]
[Date "2024.01.02"]
[Round "6"]
[White "Lacasa Diaz, Josep Anton"]
[Black "Ladan, Nicholas"]
[Result "0-1"]
[Board "138"]
[TimeControl "180+1"]
[WhiteFideId "2203375"]
[BlackFideId "30918855"]
[WhiteElo "2322"]
[BlackElo "2494"]
[WhiteTeam "ESP"]
[BlackTeam "USA"]
[WhiteClock "0:00:09"]
[BlackClock "0:00:08"]

1. Nf3 d5 2. e3 Bg4 3. c4 e6 4. cxd5 exd5 5. Qa4+ Bd7 6. Qb3 Nf6 7. Qxb7 Nc6 8. Qb3 Rb8 9. Qd1 Bd6 10. Be2 O-O 11. O-O Ne4 12. d3 Ng5 13. Nc3 Nxf3+ 14. Bxf3 d4 15. Ne4 dxe3 16. fxe3 Be7 17. Nc3 Ne5 18. d4 Nxf3+ 19. Qxf3 Be6 20. b3 Qd7 21. Bb2 Bg4 22. Qf2 Bh5 23. Rac1 Bg6 24. Na4 Rfe8 25. Nc5 Qg4 26. h3 Qc8 27. Qd2 Bg5 28. Rf3 Rb6 29. Nd3 Rd6 30. Ba3 Rdd8 31. Rg3 h6 32. Rxg5 hxg5 33. Kh1 Be4 34. Nc5 Qxh3+ 35. Kg1 Qg4 36. Nxe4 Qxe4 37. Rxc7 Qxe3+ 38. Qxe3 Rxe3 39. Bc5 a6 40. Ra7 Re6 41. b4 Rb8 42. a4 Rd8 43. a5 g6 44. Bb6 Rd5 45. Rxa6 Rb5 46. Ra8+ Kg7 47. Bc5 Re2 48. a6 Ra2 49. a7 Rb7 50. Rd8 Rbxa7 51. Bxa7 Rxa7 52. b5 Rb7 53. d5 Rxb5 54. d6 Rd5 55. d7 Kf6 56. Kh2 Ke7 57. Rf8 Rxd7 58. Rxf7+ Kxf7 0-1

[Event "January 2 Early 2024"]
[Site "https://www.chess.com"]
[Date "2024.01.02"]
[Round "6"]
[White "Zampronha, Wladimir Camilo"]
[Black "Lopusiewicz, Piotr"]
[Result "0-1"]
[Board "139"]
[TimeControl "180+1"]
[WhiteFideId "2103087"]
[BlackFideId "1116029"]
[WhiteElo "2315"]
[BlackElo "2491"]
[WhiteTeam "BRA"]
[BlackTeam "POL"]
[WhiteClock "0:00:11"]
[BlackClock "0:00:04"]

1. e4 e5 2. Nf3 Nc6 3. d4 exd4 4. Nxd4 Nf6 5. Nxc6 bxc6 6. e5 Qe7 7. Qe2 Nd5 8. c4 Nb6 9. Nc3 Qe6 10. Qe4 Bb4 11. Bd2 O-O 12. Bd3 g6 13. O-O a5 14. Rfe1 Rb8 15. a3 Be7 16. Ne2 d5 17. exd6 Bxd6 18. Bxa5 Qxe4 19. Bxe4 Nxc4 20. Bc3 Be6 21. Nd4 Nxb2 22. Nxc6 Rb3 23. Bxb2 Rxb2 24. Rec1 Kg7 25. a4 Ra8 26. Nd4 Ra5 27. Nxe6+ fxe6 28. Bc6 Bc5 29. Rf1 Bd4 30. Rad1 e5 31. g3 Rc5 32. Bb5 Rcc2 33. Rc1 Rxf2 34. Rxf2 Rxf2 35. Kh1 c5 36. a5 Ra2 37. a6 e4 38. Bc4 Ra4 39. Bb5 Ra5 40. Bc4 e3 41. Kg2 Kf6 42. Kf3 Ke5 43. Rb1 Ra4 44. Be2 c4 45. Rb7 Rxa6 46. Bxc4 Ra4 47. Re7+ Kf6 48. Re6+ Kf5 49. Bd3+ Kxe6 50. Bc2 Rb4 0-1

[Event "January 2 Early 2024"]
[Site "https://www.chess.com"]
[Date "2024.01.02"]
[Round "6"]
[White "Hasanagic, Anel"]
[Black "Limontaite, Simona"]
[Result "1-0"]
[Board "140"]
[TimeControl "180+1"]
[WhiteFideId "14605791"]
[BlackFideId "12802506"]
[WhiteElo "2491"]
[BlackElo "2308"]
[WhiteTeam "SLO"]
[BlackTeam "LTU"]
[WhiteClock "0:00:20"]
[BlackClock "0:00:00"]

1. b4 Nf6 2. Bb2 g6 3. Nf3 Bg7 4. c4 d6 5. e3 Nbd7 6. d4 O-O 7. Nc3 a5 8. a3 axb4 9. axb4 Rxa1 10. Qxa1 b6 11. Be2 Bb7 12. O-O Ne4 13. Nxe4 Bxe4 14. Nd2 Bb7 15. d5 Bxb2 16. Qxb2 e5 17. Ra1 Nf6 18. Ra7 Qb8 19. Qa1 b5 20. e4 c6 21. cxb5 cxd5 22. b6 dxe4 23. Ba6 Bc6 24. Qa5 Nd5 25. Rc7 Nxc7 26. bxc7 Qa8 27. Nc4 Bb7 28. Bxb7 Qxb7 29. Nxd6 Qc6 30. Qc5 Qa8 31. h3 e3 32. fxe3 e4 33. c8=Q Rxc8 34. Qxc8+ Qxc8 35. Nxc8 1-0

[Event "January 2 Early 2024"]
[Site "https://www.chess.com"]
[Date "2024.01.02"]
[Round "6"]
[White "Shishkov, Andrei"]
[Black "Blokhin, Sofia"]
[Result "1-0"]
[Board "141"]
[TimeControl "180+1"]
[WhiteFideId "4500563"]
[BlackFideId "4508190"]
[WhiteElo "2489"]
[BlackElo "2299"]
[WhiteTeam "EST"]
[BlackTeam "EST"]
[WhiteClock "0:01:22"]
[BlackClock "0:01:07"]

1. d4 f5 2. g3 Nf6 3. Bg2 g6 4. Nh3 Bg7 5. c4 O-O 6. Nc3 d6 7. d5 c6 8. O-O cxd5 9. cxd5 b6 10. Nf4 g5 11. Ne6 Qd7 12. Nxf8 Kxf8 13. Bxg5 Bb7 14. Qd2 Na6 15. Bh6 Nc5 16. Bxg7+ Kxg7 17. Qg5+ Kf7 18. Bh3 Nxd5 19. Bxf5 Qc6 20. Qh5+ Kf8 21. Qf3 Nf6 22. Qxc6 Bxc6 23. Rac1 e6 24. Bh3 Bb7 25. Bg2 d5 26. b4 Ncd7 27. Nb5 Ke7 28. Rfe1 Ba6 29. Nc7 1-0

[Event "January 2 Early 2024"]
[Site "https://www.chess.com"]
[Date "2024.01.02"]
[Round "6"]
[White "Skaric, Djuro"]
[Black "Postnikov, Daniil"]
[Result "0-1"]
[Board "142"]
[TimeControl "180+1"]
[WhiteFideId "934569"]
[BlackFideId "4166329"]
[WhiteElo "2300"]
[BlackElo "2482"]
[WhiteTeam "SRB"]
[BlackTeam "RUS"]
[WhiteClock "0:00:00"]
[BlackClock "0:00:17"]

1. g3 f5 2. Bg2 g6 3. Nc3 Bg7 4. d3 e5 5. e4 fxe4 6. dxe4 Nc6 7. f4 Nge7 8. Nf3 d6 9. O-O O-O 10. Be3 Bg4 11. Qd2 Qd7 12. Rad1 Rad8 13. Rf2 Kh8 14. Rdf1 a6 15. Ng5 h6 16. Nf3 Kh7 17. Nh4 exf4 18. gxf4 Bf6 19. Nf3 Rde8 20. f5 Bxf3 21. Rxf3 g5 22. Ne2 Ne5 23. Rg3 Nc4 24. Qc1 Nxe3 25. Qxe3 Nc6 26. c3 Ne5 27. Kh1 Rg8 28. Rg1 h5 29. Bf1 g4 30. Nd4 Bg5 31. Qe2 Qf7 32. Ne6 Rxe6 33. fxe6 Qxe6 34. h3 Bf4 35. hxg4 Bxg3 36. Rxg3 hxg4 37. Qe3 Qh6+ 38. Kg2 Qxe3 39. Rxe3 Kg6 40. Be2 Kg5 41. c4 Rh8 42. Rb3 b6 43. c5 dxc5 44. Bxa6 Kf4 45. Bb7 Rd8 46. Bd5 c6 47. Be6 Rd2+ 48. Kf1 b5 49. Rc3 c4 50. b3 b4 51. Rc1 c3 52. a4 g3 53. Bh3 Kf3 0-1

[Event "January 2 Early 2024"]
[Site "https://www.chess.com"]
[Date "2024.01.02"]
[Round "6"]
[White "Gryshko, Vitalii"]
[Black "Eggleston, Thomas A"]
[Result "1-0"]
[Board "143"]
[TimeControl "180+1"]
[WhiteFideId "14174286"]
[BlackFideId "412139"]
[WhiteElo "2481"]
[BlackElo "2298"]
[WhiteTeam "UKR"]
[BlackTeam "ENG"]
[WhiteClock "0:00:08"]
[BlackClock "0:00:00"]

1. c4 g6 2. d3 Bg7 3. g3 c5 4. Bg2 d6 5. Nc3 e5 6. e3 Ne7 7. Nge2 Nbc6 8. O-O O-O 9. Rb1 Be6 10. Nd5 Qd7 11. a3 Bh3 12. b4 Bxg2 13. Kxg2 Nxd5 14. cxd5 Ne7 15. e4 b6 16. bxc5 dxc5 17. Bg5 Nc8 18. Qd2 Nd6 19. f3 f5 20. Nc3 Rf7 21. h4 b5 22. h5 a5 23. Rh1 b4 24. Ne2 Rb8 25. Bh6 Bf6 26. Rhc1 c4 27. axb4 cxd3 28. Qxd3 axb4 29. Rc6 fxe4 30. fxe4 Be7 31. hxg6 hxg6 32. Ng1 Qg4 33. Re1 b3 34. Nf3 b2 35. Nxe5 Qh5 36. Nxf7 Nxf7 37. Bf4 Rb4 38. e5 g5 39. Rc8+ Kg7 40. d6 gxf4 41. dxe7 f3+ 42. Qxf3 Qxf3+ 43. Kxf3 Nxe5+ 44. Kg2 1-0

[Event "January 2 Early 2024"]
[Site "https://www.chess.com"]
[Date "2024.01.02"]
[Round "6"]
[White "Pourkashiyan, Atousa"]
[Black "Jahnz, Fabian"]
[Result "0-1"]
[Board "144"]
[TimeControl "180+1"]
[WhiteFideId "12502014"]
[BlackFideId "4653300"]
[WhiteElo "2476"]
[BlackElo "2294"]
[WhiteTeam "USA"]
[BlackTeam "GER"]
[WhiteClock "0:00:25"]
[BlackClock "0:00:09"]

1. e4 c6 2. d4 d5 3. e5 Bf5 4. Nf3 e6 5. Be2 Ne7 6. O-O Nd7 7. h3 Nc8 8. Nbd2 Be7 9. Nb3 O-O 10. a4 a5 11. c4 dxc4 12. Bxc4 Ncb6 13. Bd3 Bxd3 14. Qxd3 Nd5 15. Bd2 Qb6 16. Bg5 Bxg5 17. Nxg5 g6 18. Ne4 Kg7 19. Rad1 Qb4 20. Nbc5 Nxc5 21. Nxc5 b6 22. Ne4 Qxa4 23. Qg3 Qc2 24. Ng5 h6 25. Nf3 Qxb2 26. Rc1 Nc3 27. Rxc3 Qxc3 28. h4 a4 29. h5 a3 30. Qg4 a2 31. hxg6 fxg6 32. Nh4 Qc2 33. Qxe6 a1=Q 34. Rxa1 Rxa1+ 35. Kh2 Rxf2 36. Qg4 Ra2 37. e6 Rxg2+ 38. Nxg2 Qxg2+ 39. Qxg2 Rxg2+ 40. Kxg2 Kf6 0-1

[Event "January 2 Early 2024"]
[Site "https://www.chess.com"]
[Date "2024.01.02"]
[Round "6"]
[White "Onslow, Alfie"]
[Black "Srebrnic, Marko"]
[Result "0-1"]
[Board "145"]
[TimeControl "180+1"]
[WhiteFideId "436976"]
[BlackFideId "14603616"]
[WhiteElo "2293"]
[BlackElo "2476"]
[WhiteTeam "ENG"]
[BlackTeam "SLO"]
[WhiteClock "0:00:00"]
[BlackClock "0:00:20"]

1. e4 c5 2. Nc3 Nc6 3. Bb5 Qc7 4. Nf3 e6 5. O-O Nf6 6. Bxc6 Qxc6 7. d4 Nxe4 8. Nxe4 Qxe4 9. Re1 Qg4 10. d5 Be7 11. Be3 b6 12. h3 Qh5 13. c4 O-O 14. Qd2 Bf6 15. Rad1 exd5 16. cxd5 d6 17. Bf4 Bxh3 18. gxh3 Qxf3 19. Bxd6 Rfe8 20. Bg3 Bd4 21. Kh2 Qxd5 22. Rxe8+ Rxe8 23. Qf4 g6 24. b3 h5 25. Bh4 Re4 26. Qb8+ Kg7 27. Bg3 h4 28. Bd6 Qf5 29. Qf8+ Kh7 30. Rd2 Be5+ 31. Bxe5 Rxe5 32. Qd8 Qf4+ 33. Kg2 Rg5+ 0-1

[Event "January 2 Early 2024"]
[Site "https://www.chess.com"]
[Date "2024.01.02"]
[Round "6"]
[White "Monpeurt, Cyrielle"]
[Black "Gutierrez Olivares, Daniel"]
[Result "0-1"]
[Board "146"]
[TimeControl "180+1"]
[WhiteFideId "677400"]
[BlackFideId "2264005"]
[WhiteElo "2292"]
[BlackElo "2475"]
[WhiteTeam "FRA"]
[BlackTeam "ESP"]
[WhiteClock "0:00:23"]
[BlackClock "0:00:42"]

1. e4 e6 2. d4 d5 3. Nc3 Bb4 4. e5 Ne7 5. a3 Bxc3+ 6. bxc3 c5 7. h4 Qc7 8. h5 h6 9. Qg4 Nf5 10. Bd3 cxd4 11. cxd4 Qc3+ 12. Kf1 Qxa1 13. Ne2 Nc6 14. Bxf5 exf5 15. Qxg7 Rf8 16. Kg1 Nxd4 17. Kh2 Ne6 18. Qf6 Bd7 19. Bxh6 Qxa3 20. Bxf8 Qxf8 21. h6 Qe7 22. Qh8+ Nf8 23. h7 O-O-O 24. Kg1 Ng6 25. Qg7 Rh8 26. Nf4 Qf8 27. Qxf8+ Nxf8 28. Nxd5 Rxh7 0-1

[Event "January 2 Early 2024"]
[Site "https://www.chess.com"]
[Date "2024.01.02"]
[Round "6"]
[White "Player, Edmund C"]
[Black "Azali, Tannaz"]
[Result "0-1"]
[Board "147"]
[TimeControl "180+1"]
[WhiteFideId "406520"]
[BlackFideId "12537721"]
[WhiteElo "2278"]
[BlackElo "2474"]
[WhiteTeam "ENG"]
[BlackTeam "IRI"]
[WhiteClock "0:00:00"]
[BlackClock "0:00:24"]

1. Nc3 Nf6 2. e4 d6 3. d4 Nbd7 4. Nf3 g6 5. Bg5 Bg7 6. Qd2 O-O 7. Bh6 c6 8. h4 b5 9. h5 Ng4 10. Bxg7 Kxg7 11. Qg5 Ndf6 12. e5 dxe5 13. dxe5 b4 14. exf6+ exf6 15. Qc5 bxc3 16. Qxc3 Re8+ 17. Be2 Ba6 18. Nd4 c5 19. O-O-O cxd4 20. Rxd4 Qb6 21. Bxg4 Re5 22. Bd7 Rc5 23. Qe3 Re5 24. h6+ Kh8 25. Qc3 Rc5 26. Qe3 Re5 27. Qc3 Rd8 28. Rhd1 Qb8 29. Ba4 Rc8 30. Qb3 Bb5 31. Qxf7 Rxc2+ 32. Kxc2 Re2+ 33. Kb1 Bd3+ 0-1

[Event "January 2 Early 2024"]
[Site "https://www.chess.com"]
[Date "2024.01.02"]
[Round "6"]
[White "Beydullayeva, Govhar"]
[Black "Minina, Veronika"]
[Result "1-0"]
[Board "148"]
[TimeControl "180+1"]
[WhiteFideId "13413015"]
[BlackFideId "4174780"]
[WhiteElo "2463"]
[BlackElo "2289"]
[WhiteTeam "AZE"]
[BlackTeam "RUS"]
[WhiteClock "0:00:35"]
[BlackClock "0:00:00"]

1. Nf3 Nf6 2. g3 g6 3. Bg2 Bg7 4. d4 O-O 5. c4 d6 6. Nc3 Nc6 7. O-O a6 8. Bf4 Rb8 9. Rc1 b5 10. Nd5 bxc4 11. Nxf6+ Bxf6 12. Rxc4 Bd7 13. b3 Nb4 14. Bd2 Nd5 15. e4 Nb6 16. Rc2 c5 17. dxc5 dxc5 18. e5 Bg7 19. Rxc5 Bb5 20. Re1 Nd7 21. Rc1 e6 22. Bb4 Re8 23. Bd6 Rc8 24. Nd4 Rxc1 25. Qxc1 Qa5 26. a4 Bd3 27. Rd1 Bf5 28. b4 Qb6 29. a5 Qa7 30. Nc6 1-0

[Event "January 2 Early 2024"]
[Site "https://www.chess.com"]
[Date "2024.01.02"]
[Round "6"]
[White "Brankovic, Dejan"]
[Black "Vanek, Tomas"]
[Result "1-0"]
[Board "149"]
[TimeControl "180+1"]
[WhiteFideId "921602"]
[BlackFideId "313459"]
[WhiteElo "2462"]
[BlackElo "2278"]
[WhiteTeam "SRB"]
[BlackTeam "CZE"]
[WhiteClock "0:00:34"]
[BlackClock "0:00:00"]

1. e4 c5 2. Nf3 Nc6 3. d4 cxd4 4. Nxd4 Nf6 5. Nc3 e5 6. Ndb5 d6 7. Bg5 a6 8. Na3 b5 9. Bxf6 gxf6 10. Nd5 Bg7 11. c3 f5 12. exf5 Bxf5 13. Bd3 e4 14. Be2 O-O 15. Nc2 Ne5 16. O-O Qg5 17. Kh1 Rae8 18. Qc1 Qh4 19. Qf4 Qxf4 20. Nxf4 Bc8 21. Rad1 Rd8 22. Ne3 b4 23. cxb4 Nc6 24. Nfd5 Bxb2 25. a4 Nd4 26. Bc4 Ne6 27. Ne7+ Kh8 28. Nxc8 Rxc8 29. Bxa6 Rb8 30. Nd5 f5 31. Bc4 f4 32. a5 f3 33. a6 fxg2+ 34. Kxg2 Rg8+ 35. Kh1 Ng5 36. Rg1 Nf3 37. Rg3 Rg5 38. Rxg5 Nxg5 39. b5 Rg8 40. Rg1 Bd4 41. Rg2 h6 42. b6 1-0